 Dungeon Crawl Stone Soup version 0.31-a0-233-g139696dc86 (webtiles) character file.

Game seed: 15091922582705057242

10455 qw the Skirmisher (level 11, -3/71 HPs)
             Began as a Gargoyle Hexslinger on July 8, 2023.
             Was an Elder of Okawaru.
             Killed by nerve-wracking pain
             ... invoked by a shadow imp
              (6 damage)
             ... in a Gauntlet.
             The game lasted 00:03:58 (8454 turns).

qw the Skirmisher (Gargoyle Hexslinger)             Turns: 8454, Time: 00:03:59

Health: -3/71      AC: 15    Str: 15    XL:     11   Next: 62%
Magic:  14/15      EV: 17    Int: 14    God:    Okawaru [****..]
Gold:   665        SH:  0    Dex: 16    Spells: 11/12 levels left

rFire   . . .        Y - +3 orcbow (freeze)
rCold   . . .        (shield currently unavailable)
rNeg    + . .        d - +0 robe of the Present {Regen+ Str+3 SInv}
rPois   inf          (no helmet)
rElec   +            f - +0 cloak
rCorr   .            k - +0 pair of gloves
SInv    +            (no boots)
Will    .....        (no amulet)
Stlth   +++          (no ring)
HPRegen 1.11/turn    (no ring)
MPRegen 0.14/turn

%: no teleportation, clarity
@: heroic
A: sickness immunity, AC +8, negative energy resistance 1, electricity
resistance, torment resistance 1, petrification resistance, iridescent scales 1,
clarity
a: Renounce Religion, Heroism, Finesse


You were in a Gauntlet.
You worshipped Okawaru.
Okawaru was greatly pleased with you.
You visited 3 branches of the dungeon, and saw 11 of its levels.
You also visited: Ossuary and Gauntlet.

You collected 665 gold pieces.


Innate Abilities, Weirdness & Mutations

You are immune to sickness and miasma.
Your stone body is resilient. (AC +8)
You are immune to poison.
You resist negative energy. (rN+)
You are resistant to electric shocks. (rElec)
You are resistant to unholy torment.
You are immune to petrification.
You are partially covered in iridescent scales. (AC +2)
You possess an exceptional clarity of mind.


   Skills:
 + Level 9.0(14.0) Fighting
 - Level 14.0(19.0) Ranged Weapons
 - Level 2.5(7.5) Armour
 - Level 4.0(9.0) Dodging
 - Level 1.0 Spellcasting
 - Level 2.6 Hexes
 + Level 6.4 Invocations


You had 11 spell levels left.
You knew the following spells:

 Your Spells              Type           Power      Damage    Failure   Level
a - Slow                  Hex            32%        N/A       9%          1

Your spell library contained the following spells:

 Spells                   Type           Power      Damage    Failure   Level
 Inner Flame              Hex/Fire       4%         N/A       41%         3
 Portal Projectile        Hex/Tloc       8%         N/A       41%         3
 Cause Fear               Hex            4%         N/A       65%         4

Inventory:

Hand Weapons
 Y - a +3 orcbow of freezing (weapon)
Armour
 d - the +0 robe of the Present (worn) {Regen+ Str+3 SInv}
   (You found it on level 2 of the Dungeon)

   Str:       It affects your strength (+3).
   SInv:      It lets you see invisible.
   Regen:     It increases your rate of health regeneration.
 e - a +1 ring mail of fire resistance
 f - a +0 cloak (worn)
 k - a +0 pair of gloves (worn)
Jewellery
 g - a ring of see invisible
Scrolls
 i - a scroll of identify
Potions
 a - 4 potions of haste
 b - 3 potions of mutation
 c - 5 potions of curing
 h - a potion of cancellation
 j - 3 potions of might
 m - 2 potions of enlightenment
 n - a potion of invisibility {unknown}
 p - a potion of resistance {unknown}

Dungeon Overview and Level Annotations

Branches:
Dungeon (8/15)             Temple (1/1) D:4            Lair (2/5) D:8
  Swamp (0/4) Lair:2      Ossuary (visited)         Gauntlet (1/1)
  Snake: Lair:2-3    Spider: Lair:2-3

Altars:
Ashenzari
Cheibriados
Dithmenos
Elyvilon
Fedhas
Gozag
Hepliaklqana
Kikubaaqudgha
Makhleb
Nemelex Xobeh
Okawaru
Qazlal
Ru
Sif Muna
Trog
Uskayaw
Vehumet
Wu Jian
Yredelemnul
Zin
The Shining One

Annotations:
D:7 2 transporters, qw's ghost, novice GrFi Gauntlet 13 transporters, 5 runed translucent doors


Message History

The shadow imp hits you but does no damage.
You shoot an arrow. The arrow hits the soul eater!
The arrow freezes the soul eater.
The soul eater is almost dead.
You shoot an arrow.
The arrow hits the soul eater but does no damage.
The soul eater is almost dead.
The shadow imp misses you. The shadow imp closely misses you.
The shadow imp misses you. The soul eater hits you!
You shoot an arrow.
The arrow hits the soul eater but does no damage.
The soul eater is almost dead.
The shadow imp gestures at you. Pain shoots through your body!
The soul eater hits you. The shadow imp barely misses you. x2
You shoot an arrow. The arrow barely misses the soul eater.
The shadow imp closely misses you. x2; The shadow imp misses you.
The soul eater hits you.
You shoot an arrow. The arrow hits the soul eater!
The soul eater is almost dead.
You shoot an arrow.
The arrow hits the soul eater but does no damage.
The soul eater is almost dead.
The soul eater closely misses you.
The shadow imp hits you but does no damage. x2
The shadow imp closely misses you.
You shoot an arrow. The arrow hits the soul eater.
The soul eater is almost dead.
The shadow imp gestures at you. Pain shoots through your body!
The shadow imp hits you but does no damage.
The shadow imp misses you. The soul eater hits you!
You shoot an arrow. The arrow barely misses the soul eater.
You shoot an arrow. The arrow hits the soul eater!
You kill the soul eater!
Okawaru is honoured by your kill. The shadow imp completely misses you.
The shadow imp gestures at you. Pain shoots through your body!
You die...

#~~..7.P.#.#.#.#.?##.#
#~..PPP..#.#...#Y#^#.#
####..7.PP7.#.#########.#
#~~.........#.#.......#^#
#~..#########.#..P7P..###
##...#.......#.#...P.....#
##~.\.#.8.#.#.#.#.#~#~#...#
##~~...#...5..!#.#.~~~~~...#
#~~~7.^#.85@.#^#^#.#~#~#P7..
##~~...#..5....#.#.~~~~~PP.#
##~.\.#.}.#.#=#.#.#~#~#P..#
##...#.......#.#..P.P....#
#~..#########.#...7...###
#~~.........#.#.......#^#
####..7PP.7.#.#########.#
#~..P.PP.#.###...###.#
#~~..7PP.#.###...###.#


You could see 3 shadow imps.

Vanquished Creatures
  A soul eater (Gauntlet)
  An elephant (Lair:2)
  A black mamba (Lair:2)
  3 cane toads
  Maggie (D:7)
  A rime drake (Lair:1)
  6 komodo dragons
  Grinder (D:5)
  22 yaks
  A basilisk (Lair:2)
  Menkaure (D:6)
  5 water moccasins
  An orc warrior (D:8)
  A sky beast (D:6)
  2 black bears
  An ogre (D:5)
  A centaur (D:5)
  A phantom (D:4)
  9 bullfrogs
  3 scorpions
  3 wights (D:7)
  6 killer bees (D:8)
  An electric eel (Lair:1)
  A howler monkey (D:7)
  A sleepcap (D:5)
  3 hounds
  2 orc priests
  A jelly (D:4)
  5 orc wizards
  7 iguanas
  8 mummies (Ossuary)
  A river rat (D:4)
  6 adders
  10 gnolls
  A shadow imp (Gauntlet)
  A white imp (D:6)
  2 ufetubi
  3 worms (D:4)
  3 dart slugs
  26 orcs
  5 ball pythons
  3 endoplasms (D:1)
  3 giant cockroaches
  10 goblins
  8 hobgoblins
  10 jackals
  14 kobolds
  3 quokkas
  6 bats
  2 frilled lizards
  2 hobgoblin zombies (Ossuary)
  2 kobold zombies (Ossuary)
  4 orc zombies (Ossuary)
  6 rats
  A butterfly (D:7)
233 creatures vanquished.

Notes
Turn   | Place    | Note
-------+----------+-------------------------------------------
     0 | D:1      | qw the Gargoyle Hexslinger began the quest for the Orb.
     0 | D:1      | Reached XP level 1. HP: 12/12 MP: 2/2
     0 | D:1      | 0 ||| qw: Version: 0.3-a-46-gb1f654a
     0 | D:1      | 0 ||| qw: Game counter: 3676
     0 | D:1      | 0 ||| qw: Melee chars always use a shield: true
     0 | D:1      | 0 ||| qw: God list: Okawaru
     0 | D:1      | 0 ||| qw: Allow faded altars: false
     0 | D:1      | 0 ||| qw: Do Orc after clearing Dungeon:15 true
     0 | D:1      | 0 ||| qw: Do second Lair branch before Depths: true
     0 | D:1      | 0 ||| qw: Lair rune preference: random
     0 | D:1      | 0 ||| qw: Goals: Normal
     0 | D:1      | 0 ||| PLANNING D:1-11
   125 | D:1      | Reached XP level 2. HP: 16/16 MP: 3/3
   247 | D:1      | Reached skill level 3 in Ranged Weapons
   436 | D:1      | 436 ||| FLEEEEING.
   437 | D:1      | 437 ||| FLEEEEING.
   438 | D:1      | 438 ||| FLEEEEING.
   440 | D:1      | Reached XP level 3. HP: 20/21 MP: 4/4
   703 | D:1      | 703 ||| UPGRADING to +0 pair of gloves.
   708 | D:1      | 708 ||| UPGRADING to +0 ring mail.
   718 | D:1      | 718 ||| DROPPING +0 robe.
   719 | D:1      | 719 ||| READING scroll labelled YLOSTR KUCKE.
   724 | D:1      | 724 ||| READING 2 scrolls labelled HAORI JU HEGU.
   725 | D:1      | 725 ||| READING scroll labelled ROSMUV IDUDOSK.
   726 | D:1      | 726 ||| READING 2 scrolls labelled KESCHA DOMPAI.
   727 | D:1      | 727 ||| DROPPING scroll of poison.
   728 | D:1      | 728 ||| DROPPING scroll of revelation.
   742 | D:2      | 742 ||| STAIRDANCE
   945 | D:2      | Reached skill level 1 in Armour
   947 | D:2      | Found a faded altar of an unknown god.
   973 | D:2      | Identified the +0 robe of the Present {Regen+ Str+3 SInv}
  1354 | D:2      | 1354 ||| UPGRADING to +0 robe of the Present {Regen+ Str+3
                  | SInv}.
  1364 | D:2      | 1364 ||| DROPPING +0 ring mail.
  1365 | D:2      | 1365 ||| READING 2 scrolls labelled ROINONIOCH.
  1366 | D:2      | 1366 ||| READING scroll of brand weapon.
  1366 | D:2      | 1366 ||| BRANDING +1 sling of draining.
  1367 | D:2      | 1367 ||| READING scroll labelled OVVU EM CITI.
  1368 | D:2      | 1368 ||| DRINKING 3 fizzy coppery potions.
  1518 | D:3      | Reached XP level 4. HP: 23/26 MP: 5/5
  1524 | D:3      | Reached skill level 4 in Ranged Weapons
  1969 | D:3      | You fall into a shaft and drop 2 floors!
  1969 | D:5      | Entered Level 5 of the Dungeon
  2005 | D:5      | Noticed Grinder
  2014 | D:5      | Reached XP level 5. HP: 28/30 MP: 6/6
  2016 | D:5      | Killed Grinder
  2017 | D:5      | Reached skill level 6 in Ranged Weapons
  2017 | D:5      | Reached XP level 6. HP: 35/35 MP: 7/7
  2068 | D:5      | Reached skill level 3 in Fighting
  2096 | D:5      | 2096 ||| Stepping ~*~*~tactically~*~*~ (outnumbered).
  2110 | D:5      | HP: 9/37 [gnoll/+0 halberd (3)]
  2202 | D:5      | 2202 ||| READING scroll labelled BANEGUCELA.
  2203 | D:5      | 2203 ||| READING scroll labelled MIYTHI PUITO.
  2204 | D:5      | 2204 ||| READING scroll labelled QEROMP TUBOTH.
  2205 | D:5      | 2205 ||| DRINKING 2 viscous amethyst potions.
  2229 | D:5      | 2229 ||| DRINKING 2 viscous silvery potions.
  2230 | D:5      | 2230 ||| READING 3 scrolls of identify.
  2230 | D:5      | 2230 ||| IDENTIFYING golden potion
  2231 | D:5      | 2231 ||| READING 2 scrolls of identify.
  2231 | D:5      | 2231 ||| IDENTIFYING green potion
  2232 | D:5      | 2232 ||| DROPPING potion of lignification.
  2233 | D:5      | 2233 ||| DROPPING potion of attraction.
  2239 | D:4      | 2239 ||| PLANNING SEWER
  2264 | D:4      | Reached XP level 7. HP: 20/42 MP: 8/8
  2443 | D:4      | Reached skill level 7 in Ranged Weapons
  2563 | D:4      | Found a staircase to the Ecumenical Temple.
  2788 | D:4      | 2788 ||| RIP SEWER
  2799 | D:4      | 2799 ||| PLANNING TEMPLE
  2817 | Temple   | Entered the Ecumenical Temple
  2869 | Temple   | 2869 ||| PLANNING OKAWARU WORSHIP
  2928 | Temple   | Became a worshipper of Warmaster Okawaru
  2929 | Temple   | 2929 ||| PLANNING D:1-11
  3334 | D:5      | Reached skill level 8 in Ranged Weapons
  3344 | D:5      | Reached XP level 8. HP: 46/48 MP: 9/9
  3388 | D:5      | HP: 9/48 [centaur/arrow (5)]
  3434 | D:5      | 3434 ||| SWAPPING to +0 orcbow.
  3441 | D:5      | 3441 ||| DROPPING +1 heavy sling.
  3442 | D:5      | 3442 ||| READING scroll of brand weapon.
  3442 | D:5      | 3442 ||| BRANDING +0 orcbow.
  3955 | D:5      | 3955 ||| DRINKING 2 silvery potions.
  3955 | D:5      | Gained mutation: You possess an exceptional clarity of
                  | mind. [potion of mutation]
  3955 | D:5      | Gained mutation: You are partially covered in iridescent
                  | scales. (AC +2) [potion of mutation]
  3956 | D:5      | 3956 ||| READING 2 scrolls of identify.
  3956 | D:5      | 3956 ||| IDENTIFYING viscous pink potion
  4200 | D:6      | Reached * piety under Okawaru
  4201 | D:6      | 4201 ||| INVOKING Heroism.
  4216 | D:6      | 4216 ||| FLEEEEING.
  4414 | D:6      | Reached skill level 9 in Ranged Weapons
  4439 | D:6      | Noticed Menkaure
  4440 | D:6      | 4440 ||| INVOKING Heroism.
  4444 | D:6      | Killed Menkaure
  4726 | D:6      | 4726 ||| READING scroll labelled CUCIYK OFEQ.
  4727 | D:6      | 4727 ||| READING scroll labelled AKLOEFFA KYHE XYA.
  4728 | D:6      | 4728 ||| DRINKING 2 fizzy black potions.
  4729 | D:6      | 4729 ||| READING 2 scrolls of identify.
  4729 | D:6      | 4729 ||| IDENTIFYING clear potion
  4730 | D:6      | 4730 ||| DROPPING potion of ambrosia.
  4731 | D:6      | 4731 ||| DROPPING potion of brilliance.
  4778 | D:7      | Reached skill level 1 in Invocations
  4798 | D:7      | Reached skill level 6 in Fighting
  4820 | D:7      | Reached XP level 9. HP: 55/55 MP: 10/10
  5045 | D:7      | Found a white marble altar of Elyvilon.
  5045 | D:7      | Noticed Maggie
  5052 | D:7      | Reached skill level 3 in Invocations
  5056 | D:7      | 5056 ||| INVOKING Heroism.
  5065 | D:7      | HP: 8/55 [Maggie/+0 scimitar (9)]
  5066 | D:7      | 5066 ||| DRINKING 3 potions of heal wounds.
  5071 | D:7      | Killed Maggie
  5205 | D:7      | Found a transporter.
  5205 | D:7      | Identified the +6 great mace of World Downfall {chaos,
                  | rPois Str-5 Int+4}
  5207 | D:7      | Noticed qw's ghost (novice GrFi)
  5243 | D:7      | Found a transporter.
  5545 | D:7      | 5545 ||| DROPPING ring of flight.
  5603 | D:8      | 5603 ||| PLANNING OSSUARY
  5622 | D:8      | Reached skill level 10 in Ranged Weapons
  5628 | D:8      | 5628 ||| INVOKING Heroism.
  5636 | D:8      | Reached skill level 3 in Dodging
  5746 | D:8      | Found a flagged portal.
  5798 | D:8      | 5798 ||| INVOKING Heroism.
  5803 | D:8      | HP: 14/56 [killer bee (4)]
  5804 | D:8      | 5804 ||| DRINKING 2 potions of heal wounds.
  5858 | D:8      | Found a hazy altar of Hepliaklqana.
  5986 | D:8      | Found a sparkling altar of Nemelex Xobeh.
  5986 | D:8      | Found a blossoming altar of Fedhas.
  6017 | D:8      | Found a sand-covered staircase.
  6023 | Ossuary  | Entered an ossuary
  6159 | Ossuary  | 6159 ||| READING 2 scrolls of enchant weapon.
  6159 | Ossuary  | 6159 ||| ENCHANTING +1 orcbow of freezing.
  6160 | Ossuary  | 6160 ||| READING scroll of enchant weapon.
  6160 | Ossuary  | 6160 ||| ENCHANTING +2 orcbow of freezing.
  6190 | Ossuary  | 6190 ||| READING scroll labelled EGESSI ROELAU.
  6191 | Ossuary  | 6191 ||| READING scroll labelled HARPHO XAEHABLE.
  6192 | Ossuary  | 6192 ||| READING 2 scrolls of identify.
  6192 | Ossuary  | 6192 ||| IDENTIFYING sapphire potion
  6193 | Ossuary  | 6193 ||| DROPPING potion of berserk rage.
  6213 | D:8      | 6213 ||| PLANNING D:1-11
  6323 | D:8      | Noticed a komodo dragon
  6324 | D:8      | 6324 ||| INVOKING Heroism.
  6331 | D:8      | Killed a komodo dragon
  6332 | D:8      | Reached skill level 11 in Ranged Weapons
  6333 | D:8      | Reached ** piety under Okawaru
  6334 | D:8      | Reached XP level 10. HP: 63/63 MP: 11/13
  6365 | D:8      | Found a staircase to the Lair.
  6366 | D:8      | 6366 ||| INVOKING Heroism.
  6611 | D:8      | Found a shadowy altar of Dithmenos.
  6627 | D:8      | 6627 ||| PLANNING LAIR
  6627 | D:8      | 6627 ||| DRINKING 2 viscous orange potions.
  6670 | Lair:1   | Entered Level 1 of the Lair of Beasts
  6713 | Lair:1   | 6713 ||| INVOKING Heroism.
  6739 | Lair:1   | 6739 ||| INVOKING Heroism.
  6807 | Lair:1   | Reached skill level 12 in Ranged Weapons
  6884 | Lair:1   | Reached *** piety under Okawaru
  6979 | Lair:1   | 6979 ||| INVOKING Heroism.
  7026 | Lair:1   | 7026 ||| INVOKING Heroism.
  7033 | Lair:1   | HP: 15/64 [rime drake/icy flash freeze (20)]
  7034 | Lair:1   | 7034 ||| DRINKING 3 potions of heal wounds.
  7039 | Lair:1   | HP: 14/64 [rime drake/icy flash freeze (25)]
  7040 | Lair:1   | 7040 ||| DRINKING 2 potions of heal wounds.
  7042 | Lair:1   | Reached **** piety under Okawaru
  7043 | Lair:1   | Reached skill level 13 in Ranged Weapons
  7087 | Lair:1   | 7087 ||| INVOKING Heroism.
  7091 | Lair:1   | Reached XP level 11. HP: 26/69 MP: 11/14
  7096 | Lair:1   | HP: 16/69 [yak (10)]
  7097 | Lair:1   | 7097 ||| DRINKING potion of heal wounds.
  7110 | Lair:1   | Reached skill level 9 in Fighting
  7491 | Lair:1   | 7491 ||| INVOKING Heroism.
  7614 | Lair:1   | 7614 ||| INVOKING Heroism.
  7742 | Lair:1   | 7742 ||| UPGRADING to +0 cloak.
  7747 | Lair:1   | 7747 ||| READING 2 scrolls of identify.
  7747 | Lair:1   | 7747 ||| IDENTIFYING puce potion
  7768 | Lair:2   | 7768 ||| PLANNING GAUNTLET
  7819 | Lair:2   | Found a staircase to the Swamp.
  7856 | Lair:2   | 7856 ||| INVOKING Heroism.
  7887 | Lair:2   | 7887 ||| INVOKING Heroism.
  7998 | Lair:2   | Reached skill level 6 in Invocations
  8001 | Lair:2   | 8001 ||| INVOKING Heroism.
  8044 | Lair:2   | Found a gate leading to a gauntlet.
  8045 | Lair:2   | 8045 ||| READING scroll labelled PALAAG ATUEREWINT.
  8058 | Lair:2   | Reached skill level 14 in Ranged Weapons
  8164 | Gauntlet | Entered a Gauntlet
  8164 | Gauntlet | Found a transporter.
  8166 | Gauntlet | Noticed a soul eater
  8171 | Gauntlet | Found a transporter.
  8174 | Gauntlet | Found a transporter.
  8179 | Gauntlet | Found a runed translucent door.
  8180 | Gauntlet | Noticed a soul eater
  8182 | Gauntlet | Found a runed translucent door.
  8184 | Gauntlet | Found a transporter.
  8187 | Gauntlet | Found a transporter.
  8191 | Gauntlet | Found a runed translucent door.
  8192 | Gauntlet | Found a runed translucent door.
  8195 | Gauntlet | Found a transporter.
  8196 | Gauntlet | Noticed a cyan ugly thing
  8198 | Gauntlet | Noticed a great orb of eyes
  8208 | Gauntlet | Noticed a hell beast
  8211 | Gauntlet | Found a transporter.
  8220 | Gauntlet | Found a transporter.
  8224 | Gauntlet | Found a runed translucent door.
  8229 | Gauntlet | Noticed a dire elephant
  8233 | Gauntlet | Found a transporter.
  8248 | Gauntlet | Found a transporter.
  8256 | Gauntlet | Noticed a catoblepas
  8261 | Gauntlet | Found a transporter.
  8306 | Gauntlet | Found a transporter.
  8322 | Gauntlet | Found a transporter.
  8322 | Gauntlet | Found a transporter.
  8437 | Gauntlet | 8437 ||| INVOKING Heroism.
  8448 | Gauntlet | HP: 15/71 [soul eater (6)]
  8452 | Gauntlet | HP: 1/71 [soul eater (9)]
  8454 | Gauntlet | Killed a soul eater
  8454 | Gauntlet | Killed from afar by a shadow imp

Levels and vault maps discovered:
D:1:      lightli_arrival_lavapool, layout_loops_ring, grunt_decor_one_mirror
D:2:      layout_loops_ring, hellmonk_ecumenical_altar_arch_garden
D:3:      layout_loops_ring
D:4:      layout_basic, temple_fountains, lightli_sewer_entry_pipes
D:5:      layout_basic, uniq_grinder
D:6:      layout_cave_pods, chequers_serial_rivers_micro_c, uniq_menkaure
D:7:      layout_loops_ring, nicolae_elyvilon_peaceful_grove,
          gammafunk_ghost_smash, uniq_maggie
D:8:      layout_gridville, overflow_temple_1_default, kennysheep_little_box,
          gammafunk_temple_overflow_elements, grunt_lair_entry_orc_guard_hut,
          enter_bailey_3, nicolae_ossuary_entry_plus,
          nicolae_twisty_statue_hallways
Temple:   nicolae_temple_superstar
Lair:1:   layout_regular_city, small_statue_intersection,
          nicolae_lair_grazing_beasts [nicolae_sub_lair_graze_edge,
          nicolae_sub_lair_graze_edge, nicolae_sub_lair_graze_edge,
          nicolae_sub_lair_graze_edge], grunt_megastairs_1
Lair:2:   layout_regular_city, swamp_mist, nicolae_snake_entry_warm_welcome,
          gauntlet_entry_generic, beast_lair_carwin_6
Gauntlet: minmay_gauntlet_77_tree [minmay_gauntlet_arena_77_museum,
          minmay_gauntlet_arena_77_radiant_squares,
          minmay_gauntlet_arena_77_cramped, minmay_gauntlet_arena_77_checkered,
          minmay_gauntlet_arena_77_path, minmay_gauntlet_arena_77_p_blocks,
          minmay_gauntlet_arena_77_shame_cube, gauntlet_exit_watery]

Skill      XL: |  1  2  3  4  5  6  7  8  9 10 11 |
---------------+----------------------------------+-----
Ranged Weapons | 3 4 6 8 9 11 13 14 | 14.0
Fighting       | 2 3 4 6 7 8 9 |  9.0
Armour         | 1 2 |  2.5
Dodging        | 2 3 4 |  4.0
Invocations    | 2 4 6 |  6.4
Spellcasting   | |  1.0
Hexes          | |  2.6

Action                     |  1- 3 |  4- 6 |  7- 9 | 10-12 || total
---------------------------+-------+-------+-------+-------++-------
   Fire: Sling             |   143 |    73 |   117 |       ||   333
         Orcbow            |       |       |   309 |   323 ||   632
 Invoke: Heroism           |       |       |     6 |    12 ||    18
    Use: Scroll            |     7 |     5 |    10 |     2 ||    24
         Potion            |     1 |     2 |     4 |     4 ||    11
 Armour: Robe              |    27 |    14 |    73 |    76 ||   190
         Ring mail         |    14 |       |       |       ||    14
  Dodge: Dodged            |    51 |    41 |   183 |   157 ||   432

Table legend:
 A = Non-vault XP
 B = Vault XP
 C = Vault XP percentage of total XP
 D = Non-vault monster count
 E = Vault monster count
 F = Vault count percentage of total count
                 A         B        C        D         E       F
            +---------+---------+-------+---------+---------+-------
      Total |    8201 |    7522 |  47.8 |     173 |      58 |  25.1
            +---------+---------+-------+---------+---------+-------
        D:1 |      41 |       0 |   0.0 |      24 |       0 |   0.0
        D:2 |      22 |       0 |   0.0 |      14 |       0 |   0.0
        D:3 |      85 |       0 |   0.0 |      18 |       0 |   0.0
        D:4 |     456 |      31 |   6.4 |      32 |       6 |  15.8
        D:5 |     620 |     262 |  29.7 |      20 |       1 |   4.8
        D:6 |     509 |     172 |  25.3 |      12 |       1 |   7.7
        D:7 |     567 |     395 |  41.1 |      13 |       1 |   7.1
        D:8 |     844 |     825 |  49.4 |      19 |       9 |  32.1
     Lair:1 |    3163 |    3304 |  51.1 |      16 |      14 |  46.7
     Lair:2 |    1894 |    1581 |  45.5 |       5 |       8 |  61.5
    Ossuary |       0 |     155 | 100.0 |       0 |      16 | 100.0
   Gauntlet |       0 |     797 | 100.0 |       0 |       2 | 100.0
            +---------+---------+-------+---------+---------+-------
